AoeStats
← Minmaj

African Clearing

510611440Analyzed
3v3 RM · 13h ago on Oct 1, 2026· 59m 3s· 6 players
Game mode
Random Map
Map size
Normal (6 player)
Population
200
Speed
Normal
Resources
Standard
Victory
Conquest
Starting age
Dark Age
Ending age
Imperial Age
RankedLock teamsTeams togetherTeam positionsShared explorationLock speedFull tech treeHidden civsTurbo modeCheats
Victory
Defeat
🇨🇿 Tupi · Czechia
1088
+16
🇹🇷 Franks · Türkiye
1068
+17
🇷🇺 Huns · Russia
1046
+18
🇭🇺 Varangians · Hungary
1136
-18
🇭🇺 Berbers · Hungary
1081
-17
🇭🇺 Romans · Hungary
1070
-16
Minmaj
6:18 Loom
13:17 Feudal Age
19:02 Castle Age
19:34 Scale Mail Armor
25:01 Squires
31:25 Double-Bit Axe
31:33 Pikeman
34:21 Bow Saw
35:18 Wheelbarrow
40:39 Imperial Age
39:31 Forging
41:09 Iron Casting
43:08 Halberdier
43:37 Arson
45:07 Blast Furnace
46:26 Husbandry
45:47 Cavalier
47:03 Town Watch
48:32 Chain Mail Armor
51:16 Scale Barding Armor
51:38 Ballistics
52:07 Plate Mail Armor
52:37 Chain Barding Armor
54:52 Plate Barding Armor
57:33 Paladin
moregadženo
13:20 Loom
16:38 Feudal Age
19:08 Double-Bit Axe
21:27 Castle Age
19:51 Fletching
20:20 Gold Mining
21:28 Padded Archer Armor
22:35 Bow Saw
25:48 Wheelbarrow
25:56 Gold Shaft Mining
31:27 Bodkin Arrow
39:16 Horse Collar
42:55 Imperial Age
41:30 Hand Cart
43:38 Stone Mining
44:51 Two-Man Saw
43:48 Arson
44:04 Squires
43:26 Champi Runner
45:27 Heavy Plow
46:25 Ballistics
46:10 Town Watch
46:57 Conscription
46:56 Forging
46:46 Scale Mail Armor
48:23 Iron Casting
47:32 Champi Warrior
48:32 Elite Skirmisher
49:27 Bracer
50:39 Chemistry
49:14 Elite Champi Warrior
49:59 Elite Blackwood Archer
52:14 Chain Mail Armor
52:15 Leather Archer Armor
52:20 Elite Ibirapema Warrior
54:30 Ring Archer Armor
55:18 Caciques
Tog Rulgay
4:40 Loom
14:26 Feudal Age
16:24 Fletching
19:31 Castle Age
21:23 Double-Bit Axe
22:15 Bodkin Arrow
27:48 Wheelbarrow
29:01 Padded Archer Armor
30:09 Bloodlines
30:17 Horse Collar
32:10 Heavy Plow
33:38 Ballistics
33:21 Husbandry
35:42 Scale Barding Armor
36:04 Forging
36:43 Chain Barding Armor
36:37 Forging
38:38 Leather Archer Armor
40:49 Marauders
41:20 Bow Saw
42:47 Iron Casting
43:19 Hand Cart
44:21 Gold Mining
44:21 Stone Mining
45:43 Gold Shaft Mining
49:25 Imperial Age
47:00 Murder Holes
47:15 Masonry
47:19 Thumb Ring
47:18 Town Watch
50:48 Parthian Tactics
51:01 Plate Barding Armor
51:28 Conscription
52:33 Two-Man Saw
51:44 Bracer
52:48 Blast Furnace
53:41 Chemistry
52:32 Elite Tarkan
53:53 Scale Mail Armor
53:22 Heavy Cavalry Archer
54:39 Town Patrol
55:19 Chain Mail Armor
mark.mate96
4:09 Loom
13:24 Feudal Age
13:43 Man-at-Arms
15:02 Scale Mail Armor
19:49 Horse Collar
20:03 Double-Bit Axe
23:00 Stone Mining
23:02 Gold Mining
25:31 Fletching
31:09 Castle Age
32:02 Town Watch
32:53 Wheelbarrow
32:00 Elite Skirmisher
41:57 Heavy Plow
54:44 Imperial Age
53:44 Long Swordsman
54:25 Squires
f.mark96
4:19 Loom
12:09 Feudal Age
12:53 Double-Bit Axe
15:16 Bloodlines
20:41 Scale Barding Armor
20:30 Horse Collar
23:16 Forging
27:19 Castle Age
26:42 Stone Mining
27:24 Light Cavalry
28:31 Chain Barding Armor
27:45 Light Cavalry
32:01 Vendel Legacy
35:49 Iron Casting
36:37 Bow Saw
42:37 Wheelbarrow
42:44 Heavy Plow
43:16 Fletching
43:27 Padded Archer Armor
43:35 Gold Mining
45:28 Leather Archer Armor
45:10 Bodkin Arrow
47:07 Hand Cart
46:40 Town Watch
50:07 Imperial Age
48:40 Husbandry
48:57 Leather Archer Armor
50:51 Cavalier
52:13 Plate Barding Armor
53:12 Chemistry
52:33 Ballistics
53:43 Stone Shaft Mining
53:13 Elite Genitour
53:56 Bracer
54:29 Ring Archer Armor
55:00 Blast Furnace
Saxon_deez
4:53 Loom
12:58 Feudal Age
13:26 Double-Bit Axe
14:50 Horse Collar
24:02 Castle Age
22:18 Stone Mining
22:31 Fletching
23:09 Bloodlines
24:32 Padded Archer Armor
24:55 Husbandry
25:09 Bow Saw
25:01 Heavy Plow
27:12 Bodkin Arrow
34:33 Imperial Age
39:02 Bracer
42:09 Wheelbarrow
41:47 Town Watch
42:25 Conscription
44:30 Scale Barding Armor
44:44 Leather Archer Armor
47:04 Heavy Camel Rider
49:07 Gold Mining
49:40 Elite Camel Archer
50:52 Forging
51:46 Hand Cart
52:41 Chain Barding Armor
53:54 Maghrebi Camels
54:40 Cavalier
56:02 Hoardings
Connection lost

Rejoining the realm…

Still unreachable

The connection could not be restored.

Session expired

The server has moved on; the page needs a fresh start.